 Dungeon Crawl Stone Soup version 0.28-b1 (webtiles) character file.

Game seed: 4682560088936452268

109 KamiKatze the Chopper (level 4, -3/61 HPs)
             Began as a Minotaur Berserker on Jan 26, 2022.
             Was a Believer of Trog.
             Slain by a gnoll (6 damage)
             ... on level 3 of the Dungeon.
             The game lasted 00:04:47 (1468 turns).

KamiKatze the Chopper (Minotaur Berserker)          Turns: 1468, Time: 00:05:05

Health: -3/61      AC:  2    Str: 23    XL:     4   Next: 60%
Magic:  3/3        EV: 12    Int:  4    God:    Trog [**....]
Gold:   76         SH:  0    Dex: 10    Spells: 3/3 levels left

rFire   . . .      SeeInvis .   a - +0 hand axe
rCold   . . .      Faith    .   (no shield)
rNeg    . . .      Spirit   .   b - +0 animal skin
rPois   .          Reflect  .   (helmet restricted)
rElec   .          Harm     .   (no cloak)
rCorr   .          Rampage  .   (no gloves)
Will    .....                   (no boots)
Stlth   ..........              (no amulet)
HPRegen 0.20/turn               (no ring)
MPRegen 0.08/turn               (no ring)

@: berserking, very quick
A: horns 2, retaliatory headbutt
a: Renounce Religion, Berserk, Trog's Hand


You were on level 3 of the Dungeon.
You worshipped Trog.
Trog was pleased with you.
You visited 1 branch of the dungeon, and saw 3 of its levels.

You collected 76 gold pieces.

Inventory:

Hand Weapons
 a - a +0 hand axe (weapon)
Missiles
 l - 5 poisoned darts (quivered)
 m - 26 stones
Armour
 b - a +0 animal skin (worn)
Scrolls
 c - a scroll of enchant armour {unknown}
 d - a scroll of fog {unknown}
 f - 2 scrolls of teleportation {unknown}
 i - a scroll of identify {unknown}
 k - a scroll of silence {unknown}
 o - 2 scrolls of immolation {unknown}
Potions
 e - a potion of flight {unknown}
 g - 2 potions of attraction {unknown}
 h - a potion of ambrosia {unknown}
 j - a potion of brilliance {unknown}
 n - 2 potions of heal wounds {unknown}


   Skills:
 + Level 4.3 Fighting
 * Level 5.0 Axes
 + Level 3.3 Armour
 + Level 3.0 Dodging


You had 3 spell levels left.
You didn't know any spells.
Your spell library was empty.

Dungeon Overview and Level Annotations

Branches:
Dungeon (3/15)

Altars:


Innate Abilities, Weirdness & Mutations

You have a pair of horns on your head.
You reflexively headbutt those who attack you in melee.


Message History

The hobgoblin hits you.
You hit the hobgoblin.
You kill the hobgoblin!
Trog accepts your kill.
Your Axes skill increases to level 5!
A gnoll comes into view. It is wielding a +0 halberd.
A gnoll comes into view. It is wielding a +0 whip.
The gnoll barely misses you. The gnoll barely misses you. x2
The gnoll shouts!
You hit the gnoll. You headbutt the gnoll!
The gnoll is severely wounded.
The gnoll hits you from afar with a +0 spear.
The gnoll barely misses you. You furiously retaliate!
You headbutt the gnoll.
The gnoll hits you from afar with a +0 spear.
You are too injured to fight recklessly!
You are too injured to fight recklessly!
Unknown command.
A red film seems to cover your vision as you go berserk!
You feel yourself moving faster!
You feel mighty! The gnoll hits you with a +0 halberd.
The gnoll closely misses you.
You barely miss the gnoll.
The gnoll is severely wounded.
The gnoll hits you from afar with a +0 halberd.
The gnoll hits you with a +0 halberd!
* * * LOW HITPOINT WARNING * * *
You slash the gnoll!
You kill the gnoll!
Trog accepts your kill.
The gnoll hits you from afar with a +0 spear.
* * * LOW HITPOINT WARNING * * *
The gnoll hits you from afar with a +0 halberd.
* * * LOW HITPOINT WARNING * * *
You hit the gnoll.
The gnoll is heavily wounded.
The gnoll misses you.
The gnoll hits you from afar with a +0 halberd.
* * * LOW HITPOINT WARNING * * *
The gnoll hits you with a +0 whip.
You die... #.## #.# #.......#. ..# #......... #.## #(......## .. #.. ....... ..# #.# ..... .# #.# gg.

## ### #.# #g# ########.. #.#
#@#######........# ##.##
#...........###### ....#
#.....#####.# #. †...# #.....###
#.# ###. ...........>.....###
####)###...
.>...................##........##
.....#######.##..#......##.#####.
.....# #. #....####.##.# #.
.....# . ... #.##.# #.


You could see 3 gnolls.

Vanquished Creatures
  A gnoll (D:3)
  4 adders
  4 worms (D:2)
  A dart slug (D:2)
  7 bats
  2 endoplasms
  2 giant cockroaches (D:2)
  3 goblins
  3 hobgoblins
  8 jackals (D:1)
  A quokka (D:2)
  5 ball pythons
  2 frilled lizards (D:1)
  2 kobolds
  5 rats
50 creatures vanquished.

Notes
Turn   | Place    | Note
-------+----------+-------------------------------------------
     0 | D:1      | KamiKatze the Minotaur Berserker began the quest for the
                  | Orb.
     0 | D:1      | Reached XP level 1. HP: 19/19 MP: 0/0
    13 | D:1      | Found a faded altar of an unknown god.
    62 | D:1      | Reached XP level 2. HP: 12/27 MP: 1/1
   164 | D:1      | Reached skill level 4 in Axes
   331 | D:1      | Reached ** piety under Trog
   550 | D:1      | Reached XP level 3. HP: 30/33 MP: 2/2
  1280 | D:3      | Reached XP level 4. HP: 40/40 MP: 3/3
  1462 | D:3      | Reached skill level 5 in Axes
  1468 | D:3      | HP: 3/61 [gnoll (4)]
  1468 | D:3      | Slain by a gnoll

Illustrated notes

Levels and vault maps discovered:
D:1:      lightli_arrival_boilingwater, layout_basic,
          chequers_ecumenical_altar_island, kennysheep_crisscross,
          chequers_serial_rivers_small_3, minmay_tromino_v2
D:2:      layout_loops_ring
D:3:      minmay_spotlight, layout_rooms, mainiacjoe_overflow_brackets,
          biasface_ghost_orc_armoury

Skill      XL: |  1  2  3  4 |
---------------+-------------+-----
Axes           | 4 5 |  5.0
Fighting       | 4 |  4.3
Armour         | 3 |  3.3
Dodging        | 3 |  3.0

Action                   |  1- 3 |  4- 6 || total
-------------------------+-------+-------++-------
Melee: Hand axe          |    97 |    27 ||   124
       Headbutt          |    11 |     1 ||    12
       Punch             |     2 |       ||     2
Throw: Dart              |       |     2 ||     2
Invok: Berserk           |     1 |     1 ||     2
Armor: Animal skin       |    16 |     4 ||    20
Dodge: Dodged            |    60 |    21 ||    81
